 Dungeon Crawl Stone Soup version 0.24-a0-417-g1cce26a4d2 (webtiles) character file.

Game seed: 184735548861851863

141 Gargoyl the Skirmisher (level 5, 0/45 HPs)
             Began as a Centaur Abyssal Knight on June 11, 2019.
             Was a Believer of Lugonu.
             Slain by Grinder (4 damage)
             ... while paralysed by Grinder
             ... on level 3 of the Dungeon.
             The game lasted 00:05:45 (3441 turns).

Gargoyl the Skirmisher (Centaur Abyssal Knight)     Turns: 3441, Time: 00:05:46

Health: 0/45       AC: 10    Str: 14    XL:     5   Next: 3%
Magic:  7/7        EV:  1    Int: 11    God:    Lugonu [**....]
Gold:   195        SH:  0    Dex: 10    Spells: 4/4 levels left

rFire    . . .     SeeInvis +   a - +1 hand axe
rCold    . . .     Gourm    .   (no shield)
rNeg     . . .     Faith    .   e - +0 plate armour
rPois    .         Spirit   .   m - +0 helmet
rElec    .         Reflect  .   s - scarf {cloud immunity}
rCorr    .         Harm     .   (no gloves)
MR       +....                  (no barding)
Stlth    ..........             (no amulet)
HPRegen  0.15/turn              k - ring of see invisible
MPRegen  0.10/turn              n - ring of protection from magic

@: paralysed, very quick
A: large, hooves 3, deformed body, speed 2, tough skin 3
a: Depart the Abyss, Bend Space, Renounce Religion


You were on level 3 of the Dungeon.
You worshipped Lugonu.
Lugonu was pleased with you.
You were not hungry.

You visited 1 branch of the dungeon, and saw 3 of its levels.
You visited the Abyss 1 time.

You collected 195 gold pieces.

Inventory:

Hand Weapons
 a - a +1 hand axe (weapon)
Armour
 e - a +0 plate armour (worn)
 m - a +0 helmet (worn)
 s - a scarf of cloud immunity (worn)
Jewellery
 k - a ring of see invisible (left hand)
 n - a ring of protection from magic (right hand)
Wands
 d - a wand of flame (26)
 t - a wand of enslavement (8)
Scrolls
 f - 4 scrolls of teleportation
 i - a scroll of identify
Potions
 b - a potion of brilliance {unknown}
 g - 2 potions of might {unknown}
 h - a potion of ambrosia {unknown}
 p - a potion of agility {unknown}
 r - a potion of heal wounds {unknown}
 u - a potion of curing
Comestibles
 c - 6 rations


   Skills:
 + Level 3.5 Fighting
 + Level 2.4 Axes
 * Level 2.6 Armour
 * Level 1.1 Dodging
 * Level 2.8 Invocations
 + Level 0.1 Evocations


You had 4 spell levels left.
You didn't know any spells.
Your spell library contained the following spells:

 Spells                   Type           Power        Failure   Level  Hunger
 Corona                   Hex            #......      100%        1    ##.....
 Magic Dart               Conj           #...         100%        1    ##.....
 Blink                    Tloc           N/A          100%        2    ###....
 Call Imp                 Summ           #.......     100%        2    ###....
 Ensorcelled Hibernation  Hex/Ice        #.....       100%        2    ###....
 Slow                     Hex            #.......     100%        2    ###....
 Confuse                  Hex            #.......     100%        3    ####...
 Conjure Flame            Conj/Fire      #.......     100%        3    ####...
 Dazzling Spray           Conj/Hex       #.....       100%        3    ####...
 Mephitic Cloud           Conj/Pois/Air  #.......     100%        3    ####...
 Tukima's Dance           Hex            #.......     100%        3    ####...


Dungeon Overview and Level Annotations

Branches:
Dungeon (3/15)

Altars:
Ashenzari
Ru

Annotations:
D:3 Grinder


Innate Abilities, Weirdness & Mutations

You have hooves in place of feet.
Armour fits poorly on your strangely shaped body.
You cover ground very quickly.
You have extremely tough skin. (AC +3)


Message History

Grinder is lightly wounded.
Grinder hits you.
You writhe in agony.
Your plate armour prevents you from hitting Grinder.
Grinder is lightly wounded.
Grinder gestures at you.
You suddenly lose the ability to move!
Grinder hits you but does no damage. Grinder gestures at you.
Pain shoots through your body! Grinder hits you but does no damage.
Grinder hits you.
You writhe in agony.
Grinder hits you.
* * * LOW HITPOINT WARNING * * *
You writhe in agony.
* * * LOW HITPOINT WARNING * * *
Grinder hits you.
* * * LOW HITPOINT WARNING * * *
You writhe in agony.
* * * LOW HITPOINT WARNING * * *
Grinder hits you.
You die...

...........................######
.................................
#######################.#.#......
#********** ###### #...#......
#*,,,,,,,,* #....#######..#......
#*,,,,,,,,**#........# #..#......
#*,,,,,,,,,*#........# #..#.#####
########,,,*#........####>..#####
.......#,,,*#...@#'#...#.........
.......#,.......5..#...#.##......
.......#,....#.....#...#.##......
.......#,.#.,#..#........#...)).#
.......#,,.,....#.###.##.#......#
.......+,,,,...##.....##........#
.......#***####*#####....#.....(#
.......# #....##)##### .......#
#....##..<##


You could see Grinder.

Vanquished Creatures
  A hound (D:2)
  3 gnolls (D:3)
  An adder (D:2)
  A worm (D:3)
  A dart slug (D:2)
  2 leopard geckos (D:3)
  2 ball pythons (D:3)
  9 bats
  4 giant cockroaches (D:1)
  8 goblins
  10 hobgoblins
  5 jackals
  5 kobolds
  A quokka (D:2)
  5 frilled lizards
  3 rats (D:2)
61 creatures vanquished.

Vanquished Creatures (others)
  2 starspawn tentacles (Abyss:1)
2 creatures vanquished.

Grand Total: 63 creatures vanquished

Notes
Turn   | Place    | Note
-------+----------+-------------------------------------------
     0 | Abyss:1  | Gargoyl the Centaur Abyssal Knight began the quest for the
                  | Orb.
     0 | Abyss:1  | Reached XP level 1. HP: 19/19 MP: 2/2
    61 | Abyss:1  | Noticed an ancient zyme
    76 | Abyss:1  | Noticed a tentacled starspawn
    88 | Abyss:1  | Noticed a raiju
   108 | Abyss:1  | Noticed a large abomination
   113 | Abyss:1  | Noticed a tentacled starspawn
   201 | Abyss:3  | Noticed a smoke demon
   235 | Abyss:3  | Noticed a starcursed mass
   264 | Abyss:3  | Noticed an apocalypse crab
   274 | Abyss:3  | Noticed a quasit
   281 | Abyss:3  | Noticed a neqoxec
   290 | D:1      | Escaped the Abyss
   349 | D:1      | Reached XP level 2. HP: 6/26 MP: 3/3
   349 | D:1      | Reached * piety under Lugonu
   363 | D:1      | Found a shattered altar of Ashenzari.
  1120 | D:1      | Reached XP level 3. HP: 29/31 MP: 4/4
  1487 | D:2      | Found a sacrificial altar of Ru.
  1593 | D:2      | Reached skill level 1 in Dodging
  1644 | D:2      | Reached XP level 4. HP: 25/38 MP: 5/5
  2497 | D:3      | Reached ** piety under Lugonu
  3190 | D:3      | Reached XP level 5. HP: 33/45 MP: 7/7
  3426 | D:3      | Noticed Grinder
  3435 | D:3      | Paralysed by Grinder for 7 turns
  3441 | D:3      | Slain by Grinder

Levels and vault maps discovered:
D:1:      minmay_arrival_five_plusses, layout_rooms,
          nicolae_ashenzari_panopticon
D:2:      layout_loops_corners, lemuel_round_altar, first_ration,
          corexii_corridor_pit
D:3:      layout_basic, uniq_grinder

Skill      XL: |  1  2  3 |
---------------+----------+-----
Axes           | 2 |  2.4
Dodging        | 1 |  1.1
Armour         | 2 |  2.6
Fighting       | |  3.5
Invocations    | |  2.8
Evocations     | |  0.1

Action                   |  1- 3 |  4- 6 || total
-------------------------+-------+-------++-------
Melee: Hand axe          |   121 |    88 ||   209
       Kick              |    16 |    15 ||    31
Throw: Javelin           |     2 |       ||     2
Invok: Depart the Abyss  |     1 |       ||     1
Evoke: Wand              |     4 |       ||     4
  Use: Scroll            |     3 |     5 ||     8
       Potion            |     2 |       ||     2
  Eat: Ration            |     1 |     1 ||     2
Armor: Leather armour    |    20 |       ||    20
       Plate armour      |   160 |    85 ||   245
Dodge: Dodged            |    31 |    15 ||    46

Table legend:
 A = Non-vault XP
 B = Vault XP
 C = Vault XP percentage of total XP
 D = Non-vault monster count
 E = Vault monster count
 F = Vault count percentage of total count
                 A         B        C        D         E       F
            +---------+---------+-------+---------+---------+-------
      Total |     202 |       0 |   0.0 |      61 |       0 |   0.0
            +---------+---------+-------+---------+---------+-------
        D:1 |      47 |       0 |   0.0 |      27 |       0 |   0.0
        D:2 |      84 |       0 |   0.0 |      18 |       0 |   0.0
        D:3 |      71 |       0 |   0.0 |      16 |       0 |   0.0
            +---------+---------+-------+---------+---------+-------
